 Dungeon Crawl Stone Soup version 0.31-a0-931-g7b59d4eb97 (webtiles) character file.

Game seed: 7082800174832718108

261433 wpisznazwe the Champion of Chaos (level 19, 0/157 HPs)
             Began as a Demonspawn Fighter on Oct 19, 2023.
             Was the Champion of Makhleb.
             Slain by a +0 bardiche of holy wrath (19 damage)
             ... on level 2 of the Elven Halls.
             The game lasted 02:03:26 (36891 turns).

wpisznazwe the Champion of Chaos (DsFi)            Turns: 36891, Time: 02:03:28

Health: 0/157      AC: 21    Str: 25    XL:     19   Next: 20%
Magic:  31/31      EV: 32    Int: 25    God:    Makhleb [******]
Gold:   1505       SH: 13    Dex: 20    Spells: 21/32 levels left

rFire   . . .        l - +11 whip of the Original Sin {flame, rElec rPois Str+4 Stlth+}
rCold   . . .        g - +1 kite shield {reflect}
rNeg    . . .        F - +1 ring mail of Peek-a-Boo {rCorr Int+6 Dex+4}
rPois   +            R - +2 helmet {Int+3}
rElec   +            r - +0 cloak
rCorr   +            (gloves unavailable)
SInv    .            S - +1 pair of boots
Will    ++++.        y - amulet "Cuzysynua" {*Corrode Will+++ Regen+ Int+6}
Stlth   +++          G - ring of the Hare {EV+10}
HPRegen 1.26/turn    u - +4 ring of protection
MPRegen 0.22/turn

%: corrode self (3%), reflection
@: about to teleport, studying Evocations
A: repulsion field 2, foul stench 2, spiny 1, augmentation 1, demonic touch 3
}: 2/15 runes: serpentine, barnacled
a: Renounce Religion, Minor Destruction, Lesser Servant of Makhleb, Major
Destruction, Greater Servant of Makhleb


You were on level 2 of the Elven Halls.
You worshipped Makhleb.
Makhleb was exalted by your worship.
You visited 7 branches of the dungeon, and saw 33 of its levels.
You also visited: Sewer and Gauntlet.

You collected 4046 gold pieces.
You spent 2541 gold pieces at shops.

Inventory:

Hand Weapons
 l - the +11 whip of the Original Sin (weapon) {flame, rElec rPois Str+4 Stlth+}
   (You found it on level 2 of the Dungeon)

   Str+4:     It affects your strength (+4).
   rElec:     It insulates you from electricity.
   rPois:     It protects you from poison Stlth+: It makes you more stealthy.
 W - the +4 flail of Ipse Dixit {speed, rN+ MP+9 Stlth+}
   (You found it on level 3 of the Snake Pit)

   rN+:       It protects you from negative energy.
   MP+9:      It affects your magic capacity (+9).
   Stlth+:    It makes you more stealthy.
Missiles
 v - 24 silver javelins
 B - 19 curare-tipped darts
 H - 7 throwing nets
 O - 5 datura-tipped darts
Armour
 g - a +1 kite shield of reflection (worn)
 r - a +0 cloak (worn)
 F - the +1 ring mail of Peek-a-Boo (worn) {rCorr Int+6 Dex+4}
   (You found it on level 11 of the Dungeon)

   Int+6:     It affects your intelligence (+6).
   Dex+4:     It affects your dexterity (+4).
   rCorr:     It protects you from acid and corrosion.
 P - a +2 chain mail of fire resistance
 R - a +2 helmet of intelligence (worn)
 S - a +1 pair of boots (worn)
Jewellery
 b - a ring of see invisible
 n - a ring of protection from cold
 s - a ring of flight
 u - a +4 ring of protection (right hand)
 y - the amulet "Cuzysynua" (around neck) {*Corrode Will+++ Regen+ Int+6}
   (You acquired it on level 7 of the Dungeon)

   [amulet of regeneration]

   Int+6:     It affects your intelligence (+6).
   Will+++:   It greatly increases your willpower.
   Regen+:    It increases your rate of health regeneration.
   *Corrode:  It may corrode you when you take damage.
 z - a ring of fire
 G - the ring of the Hare (left hand) {EV+10}
   (You found it in a Gauntlet)

   [ring of evasion]

   EV+10:     It affects your evasion (+10).
Wands
 a - a wand of quicksilver (21)
 c - a wand of flame (80)
 m - a wand of paralysis (27)
 K - a wand of digging (3)
 T - a wand of mindburst (9)
 Y - a wand of polymorph (17)
 Z - a wand of roots (29)
Scrolls
 h - 4 scrolls of teleportation
 i - 6 scrolls of fear
 k - 10 scrolls of identify
 p - 4 scrolls of immolation
 w - 4 scrolls of poison
 E - 2 scrolls of enchant armour
 I - 5 scrolls of blinking
 J - 2 scrolls of summoning
 L - 4 scrolls of fog
 M - 4 scrolls of revelation
 N - a scroll of silence
 X - 4 scrolls of torment
Potions
 d - 6 potions of might
 e - 3 potions of haste
 f - a potion of invisibility
 o - 5 potions of resistance
 t - 7 potions of lignification
 x - 4 potions of heal wounds
 A - 4 potions of berserk rage
 C - 20 potions of curing
 D - 3 potions of ambrosia
 Q - 3 potions of attraction
 V - a potion of cancellation
Miscellaneous
 j - a phantom mirror
 q - a phial of floods


   Skills:
 - Level 16.3 Fighting
 - Level 15.1 Maces & Flails
 + Level 0.9 Throwing
 * Level 14.1 Armour
 + Level 12.8 Dodging
 - Level 4.1 Stealth
 + Level 8.2 Shields
 * Level 7.0 Spellcasting
 + Level 0.7 Hexes
 + Level 5.5 Translocations
 * Level 17.9 Invocations
 * Level 12.9 Evocations


You had 21 spell levels left.
You knew the following spells:

 Your Spells              Type           Power      Damage    Failure   Level
a - Passage of Golubria   Tloc           36%        N/A       16%         4
b - Jinxbite              Hex            24%        N/A       19%         2
c - Tukima's Dance        Hex            12%        N/A       36%         3
d - Passwall              Tmut/Erth      6%         N/A       24%         2

Your spell library contained the following spells:

 Spells                   Type           Power      Damage    Failure   Level
 Magic Dart               Conj           32%        1d4       16%         1
 Sandblast                Erth           16%        2d6       16%         1
 Sting                    Tmut/Pois      32%        1d4       16%         1
 Ensorcelled Hibernation  Hex/Ice        20%        N/A       22%         2
 Call Imp                 Summ           16%        N/A       24%         2
 Poisonous Vapours        Pois/Air       16%        N/A       24%         2
 Searing Ray              Conj           16%        2d5       24%         2
 Dazzling Flash           Conj/Hex       20%        N/A       38%         3
 Inner Flame              Hex/Fire       10%        N/A       38%         3
 Summon Guardian Golem    Hex/Summ       10%        N/A       38%         3
 Dimensional Bullseye     Hex/Tloc       12%        N/A       41%         4
 Stone Arrow              Conj/Erth      16%        3d8       43%         3
 Swiftness                Air            8%         N/A       43%         3
 Iskenderun's Mystic Bla  Conj/Tloc      22%        2d6       45%         4
 Anguish                  Hex/Necr       5%         N/A       80%         4
 Fulminant Prism          Conj/Hex       5%         3d7       80%         4
 Summon Forest            Summ/Tloc      11%        N/A       82%         5
 Animate Armour           Summ/Erth      16%        N/A       85%         4
 Animate Dead             Necr           8%         N/A       85%         4
 Brom's Barrelling Bould  Conj/Erth      8%         2d3       85%         4
 Olgreb's Toxic Radiance  Pois           8%         N/A       85%         4
 Summon Lightning Spire   Summ/Air       8%         N/A       85%         4
 Metabolic Englaciation   Hex/Ice        5%         N/A       98%         5
 Silence                  Hex/Air        5%         N/A       98%         5
 Summon Mana Viper        Hex/Summ       10%        N/A       98%         5
 Yara's Violent Unravell  Hex/Tmut       5%         3d4       98%         5
 Agony                    Necr           8%         N/A       99%         5
 Iskenderun's Battlesphe  Conj           8%         2d6       99%         5
 Lee's Rapid Deconstruct  Erth           4%         3d5*      99%         5
 Bombard                  Conj/Erth      4%         9d2       100%        6
 Simulacrum               Ice/Necr       4%         N/A       100%        6
 Summon Cactus Giant      Summ           4%         N/A       100%        6
 Enfeeble                 Hex            6%         N/A       100%        7
 Haunt                    Necr/Summ      4%         N/A       100%        7
 Orb of Destruction       Conj           4%         9d5       100%        7
 Ozocubu's Refrigeration  Ice            4%         4d8       100%        7
 Spellforged Servitor     Conj/Summ      4%         N/A       100%        7
 Infestation              Necr           4%         N/A       100%        8
 Lehudib's Crystal Spear  Conj/Erth      4%         10d3      100%        8
 Polar Vortex             Ice            4%         N/A       100%        9


Dungeon Overview and Level Annotations

Branches:
Dungeon (15/15)            Temple (1/1) D:5            Lair (5/5) D:10
 Shoals (4/4) Lair:3        Snake (4/4) Lair:2        Slime (0/5) Lair:4
    Orc (2/2) D:11            Elf (2/3) Orc:2        Vaults (0/5) D:14
 Depths (0/4) D:15          Sewer (visited)         Gauntlet (visited)

Altars:
Ashenzari
Cheibriados
Dithmenos
Fedhas
Gozag
Hepliaklqana
Kikubaaqudgha
Makhleb
Nemelex Xobeh
Okawaru
Qazlal
Ru
Sif Muna
Trog
Uskayaw
Vehumet
Wu Jian
Xom
Yredelemnul
Jiyva

Shops:
D:7 :*[*   D:9 =   D:10 !   Orc:1 *   Orc:2 :[*:   Elf:1 ==   Snake:4 :

Annotations:
D:15 2 transporters, ripuliukko's ghost, journeyman GrEE


Innate Abilities, Weirdness & Mutations

You are surrounded by a moderate repulsion field. (EV +3)
You sometimes emit foul miasma when damaged in melee.
You are partially covered in sharp spines.
Your magical and physical power is slightly enhanced at high health.
Your touch may irresistibly damage your foes and sap their willpower.


Message History

The +0 bardiche of holy wrath is lightly damaged.
The +0 dire flail of protection is struck by your spines.
The +0 dire flail of protection completely misses you.
Something hits you but does no damage.
You block the +0 bardiche of holy wrath's attack.
Unknown command.
You feel much better.
You block the +0 dire flail of protection's attack.
You hear some strange, mumbled words.
A lance of force appears from out of thin air!
The lance of force hits you.
You are knocked back by the lance of force.
You slam into the stone wall!
* * * LOW HITPOINT WARNING * * *
Something completely misses you.
The +0 dire flail of protection misses you.
The +0 bardiche of holy wrath completely misses you.
As you read the scroll of teleportation, it crumbles to dust.
You feel strangely unstable.
You block the +0 dire flail of protection's attack.
Something hits you.
* * * LOW HITPOINT WARNING * * *
You emit a cloud of foul miasma!
Something hits you but does no damage.
The +0 bardiche of holy wrath misses you.
The +0 dire flail of protection misses you.
The +0 dire flail of protection hits you!
* * * LOW HITPOINT WARNING * * *
You emit a cloud of foul miasma!
Something misses you.
The +0 bardiche of holy wrath hits you from afar!
* * * LOW HITPOINT WARNING * * *
You convulse.
* * * LOW HITPOINT WARNING * * *
The +0 dire flail of protection attacks as it pursues you!
You block the +0 dire flail of protection's attack.
Something hits you!
* * * LOW HITPOINT WARNING * * *
You emit a cloud of foul miasma!
The +0 bardiche of holy wrath attacks as it pursues you!
The +0 bardiche of holy wrath hits you from afar!!
You die...

#...........##..
...................
....................
......................
...........#.........
#.........###........
##.........###(.......
##...........#ยงยงยง......
#............@(........
#.....................
#....................
##...#.............#..
##...###...........###.
#...## ##.........##
##...###...........## .
##...#.............#.. #
##....................


You could see 2 dancing weapons.

Vanquished Creatures
  Vashnia (Snake:4)
  Saint Roka (Snake:2)
  Norris (Elf:2)
  A kraken (Shoals:2)
  Polyphemus (Shoals:2)
  2 sphinxes (Shoals:4)
  Agnes (Snake:1)
  Frances (Elf:1)
  Kirke (Snake:3)
  Roxanne (Snake:4)
  5 nagarajas (Snake:4)
  A deep elf elementalist (Elf:1)
  A very ugly thing (D:14)
  A stone giant (D:15)
  A quicksilver ooze (Gauntlet)
  Azrael (Snake:2)
  3 minotaurs
  A deep elf death mage (Elf:1)
  5 merfolk impalers
  4 merfolk javelineers
  A fire dragon (D:11)
  7 hydras
  A rakshasa (D:13)
  A salamander tyrant (Snake:4)
  A catoblepas (Shoals:2)
  An alligator snapping turtle (Shoals:4)
  5 boulder beetles
  13 satyrs
  16 dancing weapons
  8 centaur warriors
  9 anacondas
  15 naga warriors
  6 two-headed ogres
  6 death yaks
  A death knight (D:15)
  4 orc high priests
  4 tengu warriors
  6 shock serpents
  11 naga sharpshooters (Snake:4)
  8 skysharks
  5 skeletal warriors (D:15)
  A goliath frog (Lair:5)
  14 deep elf knights
  5 salamander mystics
  12 sea snakes
  8 deep elf archers
  A glowing orange brain (Gauntlet)
  4 naga ritualists
  An occultist (D:11)
  3 lindwurms
  19 deep elf pyromancers
  6 orc knights
  24 harpies
  7 mana vipers
  11 cyclopes
  10 manticores
  18 deep elf zephyrmancers
  7 orc sorcerers
  14 salamanders
  An oklob plant (Lair:2)
  10 ugly things
  22 fauns
  25 black mambas
  19 elephants
  10 merfolk sirens
  3 guardian serpents
  15 naga magi
  4 water nymphs
  A gargoyle (D:13)
  A torpor snail (Lair:3)
  A cane toad (shapeshifter) (D:14)
  14 cane toads
  A minotaur zombie (Gauntlet)
  2 unseen horrors (D:11)
  2 kobold demonologists
  An efreet (D:14)
  A rime drake (Lair:4)
  A rime drake (shapeshifter) (D:14)
  A tengu conjurer (D:15)
  5 komodo dragons
  A yaktaur (shapeshifter) (D:14)
  29 merfolk
  6 wind drakes
  3 polar bears
  8 trolls
  Prince Ribbit (D:7)
  2 tyrant leeches (Lair:5)
  21 blink frogs
  19 slime creatures
  2 hornets
  A tyrant leech (shapeshifter) (D:15)
  8 dream sheep
  6 snapping turtles
  2 vampires
  4 wraiths
  2 air elementals (Elf:2)
  2 shadows
  49 yaks
  5 basilisks
  3 hogs (Snake:3)
  2 water elementals
  3 fire elementals
  3 wyverns
  9 vampire mosquitoes
  5 wargs
  50 nagas
  2 acid dragons
  7 water moccasins
  4 hell hounds (Snake:2)
  21 orc warriors
  3 black bears
  3 ogres
  16 wolves
  A phantom (D:6)
  6 centaurs
  4 kobold brigands
  The ghost of YoungGLord the Digger, an amateur GrEE (D:3)
  3 gnoll sergeants
  19 bullfrogs
  3 scorpions
  An earth elemental (Elf:2)
  22 wights
  10 killer bees
  2 electric eels
  3 howler monkeys
  2 hounds (D:6)
  2 jellies
  2 gnoll boudas
  15 orc priests
  4 iguanas
  20 orc wizards
  6 hell rats
  A centaur simulacrum (D:3)
  30 gnolls
  8 adders
  6 river rats (D:8)
  A hound simulacrum (D:3)
  2 shadow imps
  2 white imps
  2 worms
  4 dart slugs
  An adder simulacrum (D:3)
  47 orcs
  8 endoplasms
  5 giant cockroaches
  8 hobgoblins
  4 jackals
  7 quokkas
  4 ball pythons
  A ball python simulacrum (D:3)
  5 bats
  9 frilled lizards
  A giant cockroach simulacrum (D:3)
  10 goblins
  12 kobolds
  2 quokka simulacra (D:3)
  25 rats
  2 tentacles (Shoals:2)
1103 creatures vanquished.

Vanquished Creatures (collateral kills)
  2 dancing weapons (Elf:1)
  2 deep elf knights (Elf:1)
  3 deep elf archers (Elf:1)
  A deep elf pyromancer (Elf:1)
  2 deep elf zephyrmancers (Elf:1)
  A fire elemental (Elf:1)
11 creatures vanquished.

Vanquished Creatures (others)
  A dancing weapon (Elf:2)
  A deep elf knight (Elf:2)
  2 deep elf zephyrmancers (Elf:2)
  A deep elf pyromancer (Elf:1)
  2 harpies (Shoals:4)
  A water nymph (Shoals:4)
  2 merfolk
  A water elemental (Elf:1)
  A human (Snake:3)
  2 orc wizards (Orc:2)
  4 tentacles (Shoals:2)
18 creatures vanquished.

Grand Total: 1132 creatures vanquished

Notes
Turn   | Place    | Note
-------+----------+-------------------------------------------
     0 | D:1      | wpisznazwe the Demonspawn Fighter began the quest for the
                  | Orb.
     0 | D:1      | Reached XP level 1. HP: 18/18 MP: 1/1
   357 | D:1      | Gained mutation: You may rarely emit foul miasma when
                  | damaged in melee. [demonic ancestry]
   357 | D:1      | Reached XP level 2. HP: 24/24 MP: 2/2
   901 | D:1      | Reached XP level 3. HP: 27/29 MP: 3/3
  1147 | D:2      | Identified the +11 whip of the Original Sin {flame, rElec
                  | rPois Str+4 Stlth+}
  1380 | D:2      | Found Isootu Ropt's Vocational Training.
  1846 | D:3      | Gained mutation: Your touch may inflict minor irresistible
                  | damage on your foes. [demonic ancestry]
  1846 | D:3      | Reached XP level 4. HP: 35/35 MP: 4/4
  1887 | D:3      | Found a runed translucent gate.
  1887 | D:3      | Found a runed translucent gate.
  1887 | D:3      | Found a runed translucent gate.
  2051 | D:3      | Noticed YoungGLord's ghost (amateur GrEE)
  2624 | D:3      | Killed YoungGLord's ghost
  2625 | D:3      | Gained mutation: You are surrounded by a mild repulsion
                  | field. (EV +2) [demonic ancestry]
  2625 | D:3      | Reached XP level 5. HP: 39/41 MP: 5/5
  2945 | D:4      | Reached XP level 6. HP: 38/47 MP: 6/6
  2990 | D:4      | Reached skill level 1 in Dodging
  3479 | D:5      | Entered Level 5 of the Dungeon
  3799 | D:5      | Found a staircase to the Ecumenical Temple.
  3805 | Temple   | Entered the Ecumenical Temple
  3987 | D:5      | Reached XP level 7. HP: 52/54 MP: 7/7
  4179 | D:5      | Reached skill level 5 in Armour
  4192 | D:5      | Reached skill level 5 in Maces & Flails
  4693 | D:6      | Found a glowing drain.
  4705 | Sewer    | Entered a sewer
  4783 | Sewer    | Reached XP level 8. HP: 61/61 MP: 8/8
  5247 | D:6      | Reached skill level 5 in Fighting
  5415 | D:7      | Found Zolyr's General Store.
  5494 | D:7      | Bought a scroll of identify for 22 gold pieces
  5496 | D:7      | Identified a scroll of acquirement
  5497 | D:7      | Acquired the amulet "Cuzysynua" {*Corrode Will+++ Regen+
                  | Int+6}
  5511 | D:7      | Found Sidd's Book Shop.
  5527 | D:7      | Found Yqey's General Store.
  5536 | D:7      | Bought a scroll of identify for 22 gold pieces
  5536 | D:7      | Bought a scroll of blinking for 82 gold pieces
  5674 | D:7      | Found Useix's Antique Armour Shop.
  5769 | D:7      | Found a shimmering altar of Xom.
  5769 | D:7      | Found a shimmering altar of Xom.
  5772 | D:7      | Noticed Prince Ribbit
  5773 | D:7      | Found a shimmering altar of Xom.
  5773 | D:7      | Found a shimmering altar of Xom.
  5773 | D:7      | Found a shimmering altar of Xom.
  5781 | D:7      | Found a shimmering altar of Xom.
  5781 | D:7      | Found a shimmering altar of Xom.
  5785 | D:7      | Killed Prince Ribbit
  5786 | D:7      | Gained mutation: You are partially covered in sharp spines.
                  | [demonic ancestry]
  5786 | D:7      | Reached XP level 9. HP: 68/68 MP: 9/9
  5907 | D:7      | Bought a citrine-encrusted ring mail for 270 gold pieces
  5907 | D:7      | Identified the +0 ring mail of Okawaru's Castigation {rCorr
                  | Str+2 Dex+3} (You bought it in a shop on level 7 of the
                  | Dungeon)
  6300 | D:8      | Gained mutation: You are surrounded by a moderate repulsion
                  | field. (EV +3) [demonic ancestry]
  6300 | D:8      | Reached XP level 10. HP: 59/79 MP: 10/10
  6466 | D:8      | Identified the +0 robe of Wyrief {rF+}
  6803 | D:9      | Found a shimmering blue altar of Sif Muna.
  6803 | D:9      | Found a burning altar of Makhleb.
  6805 | D:9      | Found a bloodstained altar of Trog.
  6823 | D:9      | Became a worshipper of Makhleb the Destroyer
  6867 | D:9      | Found Cuuloosusa's Jewellery Boutique.
  7182 | D:9      | Reached skill level 10 in Maces & Flails
  7487 | D:10     | Entered Level 10 of the Dungeon
  7487 | D:10     | Found a staircase to the Lair.
  7496 | D:10     | Reached * piety under Makhleb
  7529 | D:10     | Noticed a deep elf pyromancer
  7538 | D:10     | Killed a deep elf pyromancer
  7622 | D:10     | Found Guneri Ecegh's Distillery.
  7630 | D:10     | Bought a potion of heal wounds for 65 gold pieces
  8650 | D:11     | Found a staircase to the Orcish Mines.
  8758 | D:11     | Noticed a cyclops
  8765 | D:11     | Noticed a two-headed ogre
  8770 | D:11     | Killed a cyclops
  8771 | D:11     | Gained mutation: You sometimes emit foul miasma when
                  | damaged in melee. [demonic ancestry]
  8771 | D:11     | Reached XP level 11. HP: 83/87 MP: 11/11
  8773 | D:11     | Killed a two-headed ogre
  8782 | D:11     | Noticed a two-headed ogre
  8809 | D:11     | Killed a two-headed ogre
  9012 | D:11     | Reached ** piety under Makhleb
  9088 | D:11     | Noticed a two-headed ogre
  9095 | D:11     | Killed a two-headed ogre
  9154 | D:11     | Noticed a tengu warrior
  9154 | D:11     | Noticed a centaur warrior
  9154 | D:11     | Noticed an occultist
  9158 | D:11     | Noticed a centaur warrior
  9161 | D:11     | Killed an occultist
  9173 | D:11     | Killed a tengu warrior
  9176 | D:11     | Killed a centaur warrior
  9177 | D:11     | Reached skill level 5 in Dodging
  9322 | Lair:1   | Entered Level 1 of the Lair of Beasts
  9503 | Lair:1   | Reached skill level 1 in Invocations
  9530 | Lair:1   | Reached skill level 10 in Fighting
  9533 | Lair:1   | Reached XP level 12. HP: 78/97 MP: 12/12
 10412 | Lair:2   | Reached *** piety under Makhleb
 10487 | Lair:2   | Found a staircase to the Snake Pit.
 10706 | Lair:2   | Noticed an eight-headed hydra
 10718 | Lair:2   | Killed an eight-headed hydra
 11418 | Lair:3   | Found a staircase to the Shoals.
 11559 | Lair:3   | Reached skill level 2 in Invocations
 11673 | Lair:3   | Noticed a death yak
 11673 | Lair:3   | Noticed a death yak
 11673 | Lair:3   | Noticed a death yak
 11673 | Lair:3   | Noticed a death yak
 11690 | Lair:3   | Killed a death yak
 11768 | Lair:2   | Killed a death yak
 12016 | Lair:3   | Killed a death yak
 12021 | Lair:3   | Killed a death yak
 12434 | Lair:4   | Reached XP level 13. HP: 107/108 MP: 14/14
 12442 | Lair:4   | Reached skill level 1 in Stealth
 12453 | Lair:4   | Reached **** piety under Makhleb
 12473 | Lair:4   | Found a viscous altar of Jiyva.
 12474 | Lair:4   | Found a staircase to the Slime Pits.
 13344 | Lair:5   | Entered Level 5 of the Lair of Beasts
 13442 | Lair:5   | Reached ***** piety under Makhleb
 13675 | Lair:5   | Reached skill level 3 in Invocations
 13954 | Lair:5   | Gained mutation: Your touch may inflict irresistible damage
                  | on your foes. [demonic ancestry]
 13954 | Lair:5   | Reached XP level 14. HP: 118/118 MP: 16/16
 14231 | Lair:5   | Identified the amulet of the Middle {Reflect Rampage Str+4
                  | SH+5}
 14509 | Orc:1    | Entered Level 1 of the Orcish Mines
 14537 | Orc:1    | Found Rizurash's General Store.
 14700 | Orc:1    | Reached skill level 10 in Armour
 15030 | Orc:2    | Entered Level 2 of the Orcish Mines
 15049 | Orc:2    | Found a burning altar of Makhleb.
 15107 | Orc:2    | Found a staircase to the Elven Halls.
 15166 | Orc:2    | Found Vayllod's Book Shop.
 15327 | Orc:2    | Reached skill level 15 in Maces & Flails
 15428 | Orc:2    | Found Agraf's Armour Shop.
 15633 | Orc:2    | Found Rewkoif's General Store.
 15644 | Orc:2    | Found Utyffihi's Book Emporium.
 15986 | D:2      | Bought a manual of Invocations for 1040 gold pieces
 16390 | D:11     | Reached skill level 4 in Invocations
 16561 | D:11     | Identified the +1 ring mail of Peek-a-Boo {rCorr Int+6
                  | Dex+4}
 16781 | D:12     | Reached ****** piety under Makhleb
 16944 | D:12     | Reached skill level 5 in Invocations
 17509 | D:2      | Bought a manual of Evocations for 1040 gold pieces
 17948 | D:13     | Reached skill level 6 in Invocations
 18018 | D:13     | Found a sacrificial altar of Ru.
 18071 | D:13     | Reached skill level 1 in Evocations
 18490 | D:13     | Reached skill level 1 in Translocations
 18548 | D:14     | Found a gate to the Vaults.
 18548 | D:14     | Noticed a purple very ugly thing
 18565 | D:14     | Killed a purple very ugly thing
 18566 | D:14     | Reached skill level 7 in Invocations
 18566 | D:14     | Gained mutation: Your touch may irresistibly damage your
                  | foes and sap their willpower. [demonic ancestry]
 18566 | D:14     | Reached XP level 15. HP: 89/127 MP: 20/20
 18700 | D:14     | Reached skill level 15 in Fighting
 18786 | D:14     | Identified the +0 mace of Sudden Death {freeze, rN++ Will+
                  | rCorr Int-3}
 18879 | D:14     | Reached skill level 8 in Invocations
 19346 | D:15     | Entered Level 15 of the Dungeon
 19397 | D:15     | Found a gate leading to a gauntlet.
 19459 | Gauntlet | Entered a Gauntlet
 19459 | Gauntlet | Found a transporter.
 19531 | Gauntlet | Found a transporter.
 19543 | Gauntlet | Found a transporter.
 19549 | Gauntlet | Found a transporter.
 19565 | Gauntlet | Found a transporter.
 19580 | Gauntlet | Found a transporter.
 19582 | Gauntlet | Found the ring of the Hare {EV+10}
 19593 | Gauntlet | Found a transporter.
 19610 | Gauntlet | Found a transporter.
 19618 | Gauntlet | Found a transporter.
 19626 | Gauntlet | Found a transporter.
 19648 | Gauntlet | Found a transporter.
 19650 | Gauntlet | Found a transporter.
 19727 | Gauntlet | Identified the ring of Duluugg {Will+ Int+6}
 19743 | Gauntlet | Reached skill level 9 in Invocations
 20195 | D:15     | Found a transporter.
 20201 | D:15     | Noticed ripuliukko's ghost (journeyman GrEE)
 20539 | D:15     | Found a transporter.
 20637 | D:15     | Reached skill level 5 in Evocations
 21177 | D:15     | Found a staircase to the Depths.
 21202 | D:15     | Learned a level 4 spell: Passage of Golubria
 21521 | Snake:3  | Identified the "Tukkit"
 21521 | Shoals:1 | Entered Level 1 of the Shoals
 21537 | Shoals:1 | Reached skill level 10 in Invocations
 21670 | Snake:1  | Entered Level 1 of the Snake Pit
 21853 | Snake:1  | Noticed Agnes
 21875 | Snake:1  | Killed Agnes
 23316 | Snake:2  | Gained mutation: Your magical and physical power is
                  | slightly enhanced at high health. [demonic ancestry]
 23316 | Snake:2  | Reached XP level 16. HP: 138/138 MP: 24/24
 23553 | Snake:2  | Noticed Saint Roka
 23704 | Snake:2  | Killed Saint Roka
 23705 | Snake:2  | Reached skill level 11 in Invocations
 24080 | Snake:2  | Noticed Azrael
 24104 | Snake:2  | Killed Azrael
 24533 | Snake:3  | Noticed Kirke
 24542 | Snake:3  | Killed Kirke
 24543 | Snake:3  | Reached skill level 10 in Dodging
 24792 | Snake:3  | Reached skill level 1 in Spellcasting
 25366 | Snake:3  | Identified the +4 flail of Ipse Dixit {speed, rN+ MP+9
                  | Stlth+}
 25670 | Snake:4  | Entered Level 4 of the Snake Pit
 25686 | Snake:4  | Reached skill level 12 in Invocations
 26361 | Snake:4  | Noticed Roxanne
 26421 | Snake:4  | Noticed a walking divine tome
 26424 | Snake:4  | Found Muop's Book Boutique.
 26426 | Snake:4  | Noticed a walking divine tome
 26483 | Snake:4  | Reached skill level 5 in Translocations
 26935 | Snake:4  | Reached skill level 13 in Invocations
 27096 | Snake:4  | Reached XP level 17. HP: 144/144 MP: 26/26
 27227 | Snake:4  | Learned a level 2 spell: Jinxbite
 27269 | Snake:4  | Noticed Vashnia
 27819 | Snake:4  | Got a serpentine rune of Zot
 28277 | Snake:4  | Found Muop's Book Boutique.
 28562 | Snake:4  | Killed Vashnia
 29219 | Snake:4  | Killed Roxanne
 29237 | Snake:4  | Learned a level 3 spell: Tukima's Dance
 29240 | Snake:4  | Learned a level 2 spell: Passwall
 29866 | Shoals:1 | Reached skill level 14 in Invocations
 30087 | Shoals:1 | Reached skill level 10 in Evocations
 30688 | Shoals:2 | Noticed Polyphemus
 30715 | Shoals:2 | Killed Polyphemus
 31188 | Shoals:2 | Noticed a kraken
 31208 | Shoals:2 | Killed a kraken
 31505 | Shoals:3 | Reached skill level 15 in Invocations
 31914 | Shoals:3 | HP: 4/144 [sea snake (11)]
 32428 | Shoals:4 | Entered Level 4 of the Shoals
 32439 | Shoals:4 | Reached skill level 5 in Spellcasting
 32468 | Shoals:3 | Reached skill level 5 in Shields
 32702 | Shoals:4 | Noticed a sphinx
 32708 | Shoals:4 | Noticed a sphinx
 32869 | Shoals:4 | Identified the +10 hand axe of Akir {heavy, rElec Str+3
                  | Int+6}
 32912 | Shoals:4 | Reached XP level 18. HP: 91/151 MP: 29/29
 33232 | Shoals:4 | Reached skill level 16 in Invocations
 33675 | Shoals:4 | Identified the +1 flail "Killer Bee's Bane" {heavy, MP+9}
 33944 | Shoals:4 | Got a barnacled rune of Zot
 34298 | Desolati | Identified the of Runk
 34298 | Desolati | Identified the "Yschip"
 34298 | WizLab   | Identified the "Jyen"
 34298 | WizLab   | Identified the of Uklak
 34298 | Crypt:3  | Identified the "Goyzuawa"
 34298 | Depths:2 | Identified the of Koron
 34298 | Elf:1    | Identified the "Yrywnuem"
 34298 | Elf:1    | Entered Level 1 of the Elven Halls
 34578 | Elf:1    | Reached skill level 17 in Invocations
 34862 | Elf:1    | Found Adiddet's Jewellery Emporium.
 34863 | Elf:1    | Found Buedditu's Book Shop.
 34865 | Elf:1    | Found Vyreiciji's Jewellery Emporium.
 35278 | Elf:1    | Noticed Frances
 35293 | Elf:1    | Killed Frances
 35901 | Elf:2    | Noticed Norris
 35931 | Elf:2    | Killed Norris
 35932 | Elf:2    | Reached XP level 19. HP: 152/157 MP: 31/31
 35978 | Elf:2    | Found a runed translucent gate.
 35984 | Elf:2    | Found a runed translucent gate.
 35985 | Elf:2    | Found a runed translucent gate.
 36891 | Elf:2    | Slain by a +0 bardiche of holy wrath

Illustrated notes

Levels and vault maps discovered:
D:1:      spicycebolla_arrival_xxxplode, layout_basic
D:2:      layout_loops_ring, nicolae_shop_vocational
D:3:      layout_loops_ring, gammafunk_ghost_icy, chequers_serial_rivers_micro_d
D:4:      layout_basic
D:5:      layout_layer_cave, minmay_temple_entry_proselytizer,
          water_boxes_lemuel
D:6:      layout_rooms, cheibrodos_sewer_entry_bend, minivault_23,
          hangedman_decor_peaks_small
D:7:      layout_rooms, nicolae_xom_altar_mimics, serial_shops, shop,
          nicolae_shop_statue_plus, shop, shop, uniq_prince_ribbit1
D:8:      lemuel_ratsnest, layout_rooms, minmay_fractal_squares_diagonal_5
D:9:      layout_basic, gammafunk_temple_overflow_forgotten, serial_shops, shop,
          minivault_19, moated_statue, minmay_crystal_room,
          nicolae_kite_square_tiling_tiny, hangedman_decor_lopped
D:10:     layout_layer_cave, erik_lair_orcish_takeover, serial_shops, shop
D:11:     minmay_the_grid_net [minmay_the_grid_dragon_a, minmay_the_grid_empty,
          minmay_the_grid_pillar_ring, minmay_the_grid_stretched_grid,
          minmay_the_grid_tree, minmay_the_grid_prize_big_room],
          layout_long_grid
D:12:     layout_loops_cross, wad_floor_pattern_untrapped
D:13:     layout_irregular_city, serial_glass, glass_columns_a, glass_columns_b,
          minmay_ruined_shrine
D:14:     hangedman_cross_stitches, layout_loops_ring,
          hellmonk_vaults_attempted_burglary, minmay_misc_feat_doors
D:15:     grunt_enter_depths_snipers, layout_long_grid, gauntlet_entry_generic,
          gammafunk_ghost_arena, serial_co_window_serial, co_window_corner_a,
          co_window_paths_a, co_window_of_opportunity_a, co_window_paths_a,
          co_window_corner_a, co_window_of_opportunity_c, co_window_corner_b,
          co_window_2corner, co_window_corner_b, co_window_4corner_a,
          glass_columns_a, glass_columns_a, glass_columns_a, glass_columns_a,
          glass_columns_b
Temple:   nicolae_temple_no_exploring_needed
Lair:1:   layout_cave_pods, grunt_megastairs_3
Lair:2:   layout_regular_city, dummy_snake_entry, serial_forest,
          infiniplex_forest_clump_long, infiniplex_forest_zigzag_1,
          infiniplex_forest_pool, infiniplex_forest_clump_small,
          infiniplex_forest_end_1, infiniplex_forest_clump_medium,
          infiniplex_forest_clump_C, infiniplex_forest_zigzag_1,
          infiniplex_forest_straight_2, minmay_lair_oklob_bushes,
          lemuel_fruit_fields
Lair:3:   layout_small_grid, elwin_shoals_entry_rocks,
          chequers_serial_rivers_room_a, grunt_megastairs_1,
          infiniplex_staircase_pool_2
Lair:4:   layout_cave_pods, slime_entry_1, serial_bayou_shore_a
Lair:5:   minmay_lair_end_frog_pond, layout_cave_shapes, lemuel_fruit_tree
Shoals:1: layout_shoals
Shoals:2: layout_shoals, uniq_polyphemus
Shoals:3: layout_shoals
Shoals:4: shoals_end_hellmonk_lost_city
Snake:1:  layout_onion_interference, uniq_agnes
Snake:2:  layout_honeycomb, uniq_saint_roka, uniq_azrael
Snake:3:  layout_honeycomb, nicolae_snake_gridmaze_zigzag, grunt_ministairs_14,
          st_stairs_6, grunt_megastairs_5, uniq_kirke
Snake:4:  minmay_snake_end_coiled, layout_cave_town, serial_shops,
          nicolae_shop_mannequins, hangedman_snake_corridor_split, uniq_vashnia,
          uniq_roxanne
Orc:1:    layout_caves, serial_shops, shop, bh_open_orc_temple
Orc:2:    st_orc_elflike, layout_diamond_mine, basic_altar
Elf:1:    nicolae_elf_arrival_fired_up, layout_onion_city, minivault_28,
          serial_sigils_hangedman_gut, minmay_shop_grove, uniq_frances
Elf:2:    elven_hall_of_blades_hangedman_original [mumra_blade_entry_bloodbath],
          layout_geoelf_diagonals, uniq_norris

Skill      XL: |  1  2  3  4  5  6  7  8  9 10 11 12 13 14 15 16 17 18 19 |
---------------+----------------------------------------------------------+-----
Armour         | 3 4 5 6 7 8 9 10 11 12 13 14 | 14.1
Maces & Flails | 2 3 4 5 7 9 11 12 13 14 15 | 15.1
Shields        | 3 5 7 8 |  8.2
Dodging        | 1 2 3 4 5 6 7 8 9 11 12 | 12.8
Fighting       | 4 5 7 8 10 12 13 14 16 | 16.3
Invocations    | 1 2 3 7 10 13 15 17 | 17.9
Stealth        | 3 4 |  4.1
Evocations     | 1 6 8 11 12 | 12.9
Translocations | 1 3 5 |  5.5
Spellcasting   | 3 5 6 7 |  7.0
Throwing       | |  0.9
Hexes          | |  0.7

Action                     |  1- 3 |  4- 6 |  7- 9 | 10-12 | 13-15 | 16-18 | 19-21 || total
---------------------------+-------+-------+-------+-------+-------+-------+-------++-------
  Melee: Flail             |    64 |       |       |       |       |       |       ||    64
         Whip              |    28 |    91 |   240 |   511 |  1268 |  1682 |   153 ||  3973
         Touch             |       |    13 |    50 |   117 |   287 |   179 |       ||   646
         Punch             |       |     1 |     4 |     9 |    23 |     5 |       ||    42
  Throw: Dart              |       |       |       |       |     3 |       |       ||     3
   Cast: Jinxbite          |       |       |       |       |       |     2 |       ||     2
 Invoke: Minor Destruction |       |       |       |     5 |    11 |    50 |       ||    66
         Major Destruction |       |       |       |       |     1 |     2 |       ||     3
         Lesser Servant of |       |       |       |       |     1 |     1 |       ||     2
         Greater Servant o |       |       |       |       |       |     5 |       ||     5
    Use: Scroll            |       |       |     7 |     7 |    12 |     6 |     1 ||    33
         Potion            |       |       |       |     2 |     3 |     6 |     1 ||    12
   Stab: Sleeping          |       |     5 |     3 |     4 |    18 |     8 |       ||    38
         Distracted        |       |     1 |       |     1 |     4 |     4 |     1 ||    11
         Petrified         |       |       |       |       |       |     9 |       ||     9
         Petrifying        |       |       |       |       |       |     1 |       ||     1
 Armour: Scale mail        |    52 |       |       |       |       |       |       ||    52
         Chain mail        |     5 |     4 |       |       |       |       |       ||     9
         Ring mail         |       |    35 |   137 |   242 |   449 |   575 |    66 ||  1504
  Dodge: Dodged            |    28 |    27 |   146 |   249 |   934 |  1339 |   116 ||  2839
  Block: Buckler           |    17 |       |       |       |       |       |       ||    17
         Kite shield       |       |       |       |       |       |   571 |    68 ||   639
         Reflection        |       |       |       |       |       |    88 |     3 ||    91

Table legend: (Time is in decaauts)
 A = Elapsed time spent in this place.
 B = Non-inter-level travel time spent in this place.
 C = Inter-level travel time spent in this place.
 D = Time resting spent in this place.
 E = Time spent auto-exploring this place.
 F = Levels seen in this place.
 G = Mean time per level.
                   A        B        C        D        E       F      G
               +--------+--------+--------+--------+--------+-----+--------+
         Total |  35273 |  32417 |   2856 |   3673 |  21087 |  35 | 1007.8 |
       Dungeon |  13862 |  12428 |   1434 |    710 |   9137 |  15 |  924.1 |
        Temple |     13 |     13 |      0 |      0 |      0 |   1 |   13.0 |
          Lair |   5239 |   4690 |    549 |      7 |   3683 |   5 | 1047.8 |
        Shoals |   4322 |   4084 |    238 |    764 |   1990 |   4 | 1080.5 |
     Snake Pit |   7500 |   6988 |    512 |   1308 |   4405 |   4 | 1875.0 |
  Orcish Mines |   1232 |   1161 |     71 |    178 |    695 |   2 |  616.0 |
   Elven Halls |   2407 |   2356 |     51 |    517 |   1062 |   2 | 1203.5 |
         Sewer |    136 |    136 |      0 |      0 |     71 |   1 |  136.0 |
      Gauntlet |    559 |    559 |      0 |    188 |     43 |   1 |  559.0 |
               +--------+--------+--------+--------+--------+-----+--------+

Top non-repeatable levels by time:
 Snake:4: 3245 daAuts
 Snake:1: 1605 daAuts
 Snake:3: 1439 daAuts
     D:5: 1375 daAuts
    D:15: 1332 daAuts
Shoals:4: 1286 daAuts
    D:10: 1266 daAuts
  Lair:3: 1262 daAuts
 Snake:2: 1209 daAuts
   Elf:1: 1205 daAuts
   Elf:2: 1201 daAuts
    D:11: 1191 daAuts
Shoals:3: 1161 daAuts
     D:1: 1074 daAuts
  Lair:1: 1058 daAuts
